 Dungeon Crawl Stone Soup version 0.31.0-11-ge490571c62 (webtiles) character file.

Game seed: 10394460007077011510

214 qw the Shooter (level 5, -5/26 HPs)
             Began as a Spriggan Hunter on Feb 3, 2024.
             Slain by a gnoll
             ... wielding a +0 whip
              (7 damage)
             ... on level 4 of the Dungeon.
             The game lasted 00:00:48 (2213 turns).

qw the Shooter (Spriggan Hunter)                    Turns: 2213, Time: 00:00:48

Health: -5/26      AC:  4    Str:  7    XL:     5   Next: 60%
Magic:  6/6        EV: 10    Int: 10    God:
Gold:   185        SH:  0    Dex: 21    Spells: 4/4 levels left

rFire   . . .        a - +0 shortbow
rCold   . . .        (shield currently unavailable)
rNeg    + . .        j - +2 robe {rN+}
rPois   .            (helmet restricted)
rElec   .            (no cloak)
rCorr   .            (gloves unavailable)
SInv    +            (boots unavailable)
Will    .....        (no amulet)
Stlth   ++           (no ring)
HPRegen 0.24/turn    (no ring)
MPRegen 0.10/turn

%: no passive effects
@: about to teleport, held, very quick
A: very small, no large weapons, unfitting armour, see invisible, speed 3
a: no special abilities


You were on level 4 of the Dungeon.
You visited 1 branch of the dungeon, and saw 4 of its levels.

You collected 185 gold pieces.


Innate Abilities, Weirdness & Mutations

You are very small and have problems with some larger weapons.
You are too small for most types of armour.
You have supernaturally acute eyesight. (SInv)
You cover ground extremely quickly. (Speed+++)


   Skills:
 - Level 2.1 Fighting
 + Level 5.8 Ranged Weapons
 - Level 5.0 Dodging
 - Level 1.5 Stealth


You had 4 spell levels left.
You didn't know any spells.
Your spell library was empty.

Inventory:

Hand Weapons
 a - a +0 shortbow (weapon)
Armour
 j - a +2 robe of positive energy (worn)
Wands
 i - a wand of polymorph (1)
Scrolls
 b - 4 scrolls of teleportation
 c - a scroll of identify
Potions
 d - a potion of cancellation
 e - a potion of might {unknown}
 f - 2 potions of heal wounds
 g - a potion of magic {unknown}
 h - a potion of haste {unknown}

Dungeon Overview and Level Annotations

Branches:
Dungeon (4/15)
 Temple: D:4-7

Altars:

Shops:
D:1 (

Annotations:
D:3 1 runed translucent door, Crazy Yiuf


Message History

You shoot an arrow. The arrow hits the adder!
The adder is heavily wounded.
A gnoll comes into view.
It is wielding a +0 whip and quivering a throwing net.
You shoot an arrow. The arrow closely misses the adder.
The arrow closely misses the gnoll.
The adder barely misses you. The adder closely misses you.
You shoot an arrow. The arrow hits the adder!
You kill the adder!
The ball python closely misses you. The ball python grabs you.
The ball python constricts you.
You shoot an arrow.
The arrow barely misses the ball python.
The arrow hits the giant cockroach!
You kill the giant cockroach!
The gnoll completely misses you. The ball python misses you.
The ball python constricts you.
You shoot an arrow. The arrow hits the ball python.
The ball python is heavily wounded.
The gnoll closely misses you. The ball python barely misses you.
The ball python constricts you.
The gnoll hits you from afar with a +0 spear.
You shoot an arrow. The arrow hits the ball python.
You kill the ball python!
The gnoll hits you with a +0 whip.
The gnoll throws a throwing net.
The throwing net hits you.
You become entangled in the net!
The gnoll barely misses you.
You struggle against the net.
The gnoll hits you with a +0 whip.
The gnoll hits you from afar with a +0 spear.
You struggle against the net.
The gnoll closely misses you.
The gnoll hits you from afar with a +0 spear.
You struggle against the net.
The gnoll hits you with a +0 whip. The gnoll hits you but does no damage.
The gnoll hits you from afar with a +0 spear.
2213 ||| READING 5 scrolls of teleportation.
As you read the scroll of teleportation, it crumbles to dust.
You feel strangely unstable. The gnoll hits you with a +0 whip!
You die...

.#.. ###### ##...
###....####
##....###.........##
.......#.....:.....#
...................##
................?..#
#..........@g....#
#..........g.....#
#............g...#
#................#
#............##....
##..........## .7..
#..........# . .
#..........# .
#..........#


You could see 3 gnolls.

Vanquished Creatures
  An orc wizard (D:3)
  Terence (D:3)
  4 gnolls
  5 adders
  A dart slug (D:2)
  A ribbon worm (D:2)
  2 orcs (D:3)
  5 ball pythons
  7 endoplasms
  3 giant cockroaches
  5 goblins
  11 hobgoblins
  5 quokkas
  7 bats
  8 frilled lizards
  7 kobolds
  4 rats
77 creatures vanquished.

Notes
Turn   | Place    | Note
-------+----------+-------------------------------------------
     0 | D:1      | qw the Spriggan Hunter began the quest for the Orb.
     0 | D:1      | Reached XP level 1. HP: 10/10 MP: 2/2
     0 | D:1      | 0 ||| qw: Version: 0.3-a-155-g5e7d8dd
     0 | D:1      | 0 ||| qw: Game counter: 3422
     0 | D:1      | 0 ||| qw: Melee chars always use a shield: true
     0 | D:1      | 0 ||| qw: God list: Okawaru
     0 | D:1      | 0 ||| qw: Allow faded altars: false
     0 | D:1      | 0 ||| qw: Do Orc after clearing Dungeon:15 true
     0 | D:1      | 0 ||| qw: Do second Lair branch before Depths: true
     0 | D:1      | 0 ||| qw: Lair rune preference: random
     0 | D:1      | 0 ||| qw: Goals: Normal
     0 | D:1      | 0 ||| PLANNING D:1-11
    91 | D:1      | Reached skill level 3 in Dodging
   116 | D:1      | Reached XP level 2. HP: 14/14 MP: 3/3
   471 | D:1      | Reached XP level 3. HP: 18/18 MP: 4/4
   697 | D:1      | Found Tucoil Rocle's Weapon Emporium.
   733 | D:1      | 733 ||| READING 2 scrolls labelled DENAONI QERPHE.
   733 | D:1      | 733 ||| IDENTIFYING glowing cyan potion
   734 | D:1      | 734 ||| READING scroll of identify.
   734 | D:1      | 734 ||| IDENTIFYING metallic black potion
   735 | D:1      | 735 ||| READING 3 scrolls labelled ESUJUXE RAHEZAKO.
   836 | D:1      | 836 ||| READING scroll labelled GUTODE ODUE.
   837 | D:1      | 837 ||| DROPPING scroll of butterflies.
   838 | D:1      | 838 ||| DROPPING 2 scrolls of vulnerability.
   839 | D:1      | 839 ||| DROPPING potion of ambrosia.
  1192 | D:2      | Reached XP level 4. HP: 22/22 MP: 5/5
  1452 | D:2      | 1452 ||| READING scroll of identify.
  1452 | D:2      | 1452 ||| IDENTIFYING dark potion
  1453 | D:2      | 1453 ||| DRINKING 2 murky orange potions.
  1454 | D:2      | 1454 ||| DROPPING potion of attraction.
  1469 | D:3      | 1469 ||| STAIRDANCE
  1579 | D:3      | Noticed Terence
  1590 | D:3      | Killed Terence
  1591 | D:3      | Reached XP level 5. HP: 20/26 MP: 6/6
  1889 | D:3      | Found a runed translucent door.
  1890 | D:3      | Noticed Crazy Yiuf
  2086 | D:3      | 2086 ||| UPGRADING to +2 robe of positive energy.
  2096 | D:3      | 2096 ||| DROPPING +0 robe.
  2097 | D:3      | 2097 ||| READING 6 scrolls labelled OKETIX QAQI.
  2212 | D:4      | HP: 5/26 [gnoll/+0 whip (5)]
  2212 | D:4      | HP: 2/26 [gnoll/+0 spear (3)]
  2213 | D:4      | 2213 ||| READING 5 scrolls of teleportation.
  2213 | D:4      | Slain by a gnoll

Levels and vault maps discovered:
D:1:      amcnicky_arrival_gap_in_the_tavern_cellar, layout_loops_ring,
          serial_bayou, serial_bayou_pond_b, serial_bayou_lagoon_a,
          serial_bayou_shore_b, serial_bayou_shore_a, serial_shops, shop,
          minmay_misc_feat_nine_boxes
D:2:      layout_loops_ring, minmay_heptomino_w4
D:3:      layout_rooms, uniq_crazy_yiuf_cottage, uniq_terence
D:4:      layout_cave_pods, led_xom_imps, minmay_temple_entry_mini_moons,
          grunt_ministairs_10

Skill      XL: |  1  2  3  4 |
---------------+-------------+-----
Dodging        | 3 4 5 |  5.0
Ranged Weapons | 5 |  5.8
Fighting       | 2 |  2.1
Stealth        | |  1.5

Action                     |  1- 3 |  4- 6 || total
---------------------------+-------+-------++-------
   Fire: Shortbow          |   107 |   109 ||   216
    Use: Scroll            |     4 |     3 ||     7
         Potion            |       |     1 ||     1
 Armour: Robe              |    12 |    21 ||    33
  Dodge: Dodged            |    40 |    39 ||    79

Table legend:
 A = Non-vault XP
 B = Vault XP
 C = Vault XP percentage of total XP
 D = Non-vault monster count
 E = Vault monster count
 F = Vault count percentage of total count
                 A         B        C        D         E       F
            +---------+---------+-------+---------+---------+-------
      Total |     245 |      62 |  20.2 |      65 |      12 |  15.6
            +---------+---------+-------+---------+---------+-------
        D:1 |      38 |       8 |  17.4 |      24 |       5 |  17.2
        D:2 |      98 |       6 |   5.8 |      20 |       4 |  16.7
        D:3 |      91 |      32 |  26.0 |      18 |       1 |   5.3
        D:4 |      18 |      16 |  47.1 |       3 |       2 |  40.0
            +---------+---------+-------+---------+---------+-------
